[ PARTIDA AOE2 · #463588294 ]
Team RMSarracenos vs Goths
[ ANÁLISIS DE REPETICIÓN · EXTRAÍDO DE LA PARTIDA GRABADA ]
Feudal
12:47
Castillos
32:08
Imperial
—
| APM promedio | 37.5 |
| APM pico | 81 |
| eAPM promedio | 20.0 |
| Aldeanos / militares | 105 / 50 |
Foco
⚔️ 53.4% · 🌾 46.6%
Fishing Ship ×39 · Galley ×35 · Archer ×15
Feudal
12:49
Castillos
16:30
Imperial
35:14
| APM promedio | 56.0 |
| APM pico | 109 |
| eAPM promedio | 30.9 |
| Aldeanos / militares | 177 / 72 |
Foco
⚔️ 33.8% · 🌾 66.2%
Janissary ×29 · Scout Cavalry ×24 · Fishing Ship ×22 · Camel Scout ×6 · Mangonel ×5 · Bombard Cannon ×4
Feudal
14:14
Castillos
17:45
Imperial
—
| APM promedio | 42.4 |
| APM pico | 77 |
| eAPM promedio | 25.5 |
| Aldeanos / militares | 142 / 93 |
Foco
⚔️ 22.5% · 🌾 77.5%
Knight ×64 · Fire Galley ×15 · Battering Ram ×10 · Fishing Ship ×9 · Monk ×3 · Mangonel ×1
Feudal
13:25
Castillos
17:06
Imperial
38:25
| APM promedio | 53.1 |
| APM pico | 88 |
| eAPM promedio | 27.8 |
| Aldeanos / militares | 166 / 73 |
Foco
⚔️ 24.0% · 🌾 76.0%
Cavalry Archer ×53 · Scorpion ×10 · Fishing Ship ×6 · Trebuchet (Packed) ×5 · Battering Ram ×4 · Fire Galley ×1
Mapa de la partida
Recursos iniciales + cada clic de construcción. Líneas = muros · curvas = relieve. ◆ oro · ⬟ piedra · ● bayas · ✦ reliquia · ◌ hueco del cierre
Tu base· Abierta — hueco de 5t
Base de [SiG] Eagle· Abierta — hueco de 5t
Base de bipeng2008· Abierta — hueco de 4t
Base de ^_^· Abierta — hueco de 11t
Terreno inicial suavizado · ◌ = hueco del cierre detectado · pasá el cursor para detalles
Inputs por minuto
— [SiG] Mufasa - - [SiG] Eagle
Build order — [SiG] Mufasa
Primeras 150 de 286 acciones detectadas
| 0:31 | Construir | Town Center |
| 1:06 | Construir | Dock |
| 1:09 | Construir | House |
| 2:41 | Crear | Villager (Male) |
| 2:41 | Crear | Villager (Male) |
| 2:41 | Crear | Villager (Male) |
| 2:42 | Crear | Villager (Male) |
| 2:42 | Crear | Villager (Male) |
| 4:05 | Crear | Fishing Ship |
| 4:16 | Construir | House |
| 4:25 | Crear | Villager (Male) |
| 4:33 | Construir | House |
| 4:39 | Investigar | Loom |
| 5:06 | Crear | Villager (Male) |
| 5:27 | Crear | Villager (Male) |
| 5:27 | Crear | Villager (Male) |
| 5:28 | Crear | Fishing Ship |
| 6:02 | Crear | Villager (Male) |
| 6:03 | Crear | Villager (Male) |
| 6:07 | Construir | House |
| 6:20 | Crear | Villager (Male) |
| 6:21 | Crear | Villager (Male) |
| 6:37 | Crear | Fishing Ship |
| 6:38 | Crear | Fishing Ship |
| 6:48 | Crear | Villager (Male) |
| 6:49 | Crear | Villager (Male) |
| 6:49 | Crear | Villager (Male) |
| 7:11 | Crear | Villager (Male) |
| 7:11 | Crear | Villager (Male) |
| 7:17 | Construir | House |
| 7:30 | Crear | Fishing Ship |
| 7:38 | Crear | Villager (Male) |
| 7:39 | Crear | Villager (Male) |
| 7:58 | Crear | Villager (Male) |
| 8:01 | Crear | Villager (Male) |
| 8:01 | Crear | Villager (Male) |
| 8:21 | Crear | Fishing Ship |
| 8:22 | Crear | Villager (Male) |
| 9:22 | Crear | Villager (Male) |
| 9:36 | Crear | Villager (Male) |
| 9:47 | Crear | Fishing Ship |
| 10:09 | Construir | Lumber Camp |
| 10:37 | Investigar | Feudal Age |
| 10:41 | Construir | Mining Camp |
| 10:51 | Construir | Dock |
| 11:22 | Construir | House |
| 12:06 | Crear | Villager (Male) |
| 12:11 | Crear | Villager (Male) |
| 12:47 | Edad | Edad Feudal |
| 12:48 | Crear | Galley |
| 12:48 | Crear | Galley |
| 12:52 | Construir | Blacksmith |
| 13:01 | Construir | Dock |
| 13:05 | Crear | Villager (Male) |
| 13:26 | Construir | Mill |
| 13:27 | Crear | Villager (Male) |
| 13:32 | Construir | Palisade Wall |
| 13:33 | Investigar | Double-Bit Axe |
| 13:39 | Crear | Galley |
| 13:41 | Construir | House |
| 13:42 | Construir | House |
| 13:47 | Construir | House |
| 13:58 | Crear | Galley |
| 14:01 | Crear | Villager (Male) |
| 14:32 | Crear | Galley |
| 14:32 | Crear | Galley |
| 14:33 | Crear | Villager (Male) |
| 14:38 | Construir | House |
| 14:40 | Construir | House |
| 14:41 | Construir | House |
| 14:56 | Crear | Galley |
| 14:57 | Crear | Villager (Male) |
| 15:03 | Crear | Villager (Male) |
| 15:10 | Crear | Galley |
| 15:31 | Crear | Galley |
| 15:46 | Crear | Villager (Male) |
| 15:47 | Crear | Galley |
| 15:47 | Crear | Galley |
| 15:53 | Construir | House |
| 16:00 | Construir | Palisade Wall |
| 16:11 | Crear | Villager (Male) |
| 16:14 | Construir | Market |
| 16:16 | Crear | Villager (Male) |
| 16:24 | Crear | Villager (Male) |
| 16:27 | Crear | Galley |
| 16:27 | Crear | Galley |
| 16:30 | Crear | Galley |
| 16:30 | Crear | Galley |
| 16:47 | Investigar | Fletching |
| 17:08 | Crear | Galley |
| 17:08 | Crear | Galley |
| 17:25 | Crear | Villager (Male) |
| 17:29 | Construir | House |
| 17:39 | Construir | House |
| 17:40 | Construir | House |
| 17:53 | Crear | Galley |
| 17:59 | Crear | Villager (Male) |
| 18:16 | Construir | Palisade Wall |
| 18:21 | Construir | Palisade Wall |
| 18:31 | Crear | Galley |
| 18:31 | Crear | Galley |
| 18:32 | Crear | Villager (Male) |
| 18:51 | Construir | House |
| 18:52 | Construir | House |
| 18:53 | Crear | Villager (Male) |
| 19:04 | Crear | Villager (Male) |
| 19:08 | Crear | Villager (Male) |
| 19:22 | Crear | Villager (Male) |
| 19:29 | Crear | Villager (Male) |
| 19:32 | Crear | Villager (Male) |
| 19:34 | Construir | House |
| 19:37 | Construir | House |
| 19:37 | Crear | Villager (Male) |
| 19:49 | Crear | Villager (Male) |
| 20:05 | Construir | Mining Camp |
| 20:16 | Construir | House |
| 20:18 | Construir | House |
| 20:38 | Construir | Stone Wall |
| 21:08 | Construir | Market |
| 21:14 | Crear | Villager (Male) |
| 21:19 | Crear | Villager (Male) |
| 21:34 | Crear | Villager (Male) |
| 21:34 | Crear | Villager (Male) |
| 21:58 | Construir | House |
| 22:19 | Construir | House |
| 23:41 | Construir | Town Center |
| 24:08 | Construir | House |
| 24:09 | Construir | House |
| 25:18 | Crear | Villager (Male) |
| 25:18 | Crear | Villager (Male) |
| 25:19 | Crear | Villager (Male) |
| 25:25 | Crear | Villager (Male) |
| 25:35 | Construir | Market |
| 25:58 | Crear | Galley |
| 25:58 | Crear | Galley |
| 25:58 | Crear | Galley |
| 26:15 | Construir | House |
| 26:16 | Construir | House |
| 26:30 | Crear | Galley |
| 26:30 | Crear | Galley |
| 26:33 | Crear | Villager (Male) |
| 26:36 | Crear | Villager (Male) |
| 26:36 | Crear | Villager (Male) |
| 26:52 | Crear | Galley |
| 26:53 | Crear | Galley |
| 26:54 | Crear | Villager (Male) |
| 27:05 | Construir | Mining Camp |
| 27:12 | Crear | Galley |
| 27:42 | Crear | Villager (Male) |
| 28:02 | Crear | Villager (Male) |
Build order — [SiG] Eagle
Primeras 150 de 469 acciones detectadas
| 0:14 | Construir | Town Center |
| 0:50 | Construir | Dock |
| 0:52 | Construir | House |
| 2:24 | Crear | Villager (Male) |
| 2:24 | Crear | Villager (Male) |
| 2:25 | Crear | Villager (Male) |
| 2:25 | Crear | Villager (Male) |
| 2:25 | Crear | Villager (Male) |
| 3:24 | Crear | Fishing Ship |
| 3:24 | Crear | Fishing Ship |
| 3:52 | Construir | Palisade Wall |
| 3:56 | Crear | Villager (Male) |
| 3:56 | Crear | Villager (Male) |
| 4:19 | Construir | House |
| 4:34 | Crear | Villager (Male) |
| 4:35 | Crear | Villager (Male) |
| 5:05 | Crear | Villager (Male) |
| 5:05 | Crear | Villager (Male) |
| 5:07 | Crear | Fishing Ship |
| 5:07 | Crear | Fishing Ship |
| 5:25 | Crear | Villager (Male) |
| 5:25 | Crear | Villager (Male) |
| 5:52 | Crear | Villager (Male) |
| 5:53 | Crear | Villager (Male) |
| 6:01 | Construir | House |
| 6:13 | Crear | Villager (Male) |
| 6:16 | Crear | Fishing Ship |
| 6:16 | Crear | Fishing Ship |
| 6:27 | Crear | Villager (Male) |
| 6:47 | Crear | Villager (Male) |
| 6:48 | Crear | Villager (Male) |
| 7:07 | Crear | Villager (Male) |
| 7:09 | Crear | Fishing Ship |
| 7:09 | Crear | Fishing Ship |
| 7:24 | Construir | House |
| 7:26 | Crear | Villager (Male) |
| 7:26 | Crear | Villager (Male) |
| 7:37 | Crear | Fishing Ship |
| 7:49 | Crear | Villager (Male) |
| 7:49 | Crear | Villager (Male) |
| 7:50 | Crear | Villager (Male) |
| 8:23 | Crear | Villager (Male) |
| 8:31 | Crear | Fishing Ship |
| 8:31 | Crear | Fishing Ship |
| 8:33 | Crear | Villager (Male) |
| 8:33 | Crear | Villager (Male) |
| 8:50 | Crear | Villager (Male) |
| 8:52 | Construir | House |
| 8:59 | Crear | Fishing Ship |
| 8:59 | Crear | Fishing Ship |
| 9:59 | Crear | Villager (Male) |
| 10:06 | Construir | Mill |
| 10:30 | Construir | Mining Camp |
| 10:31 | Crear | Fishing Ship |
| 10:31 | Crear | Fishing Ship |
| 10:38 | Investigar | Feudal Age |
| 10:38 | Investigar | Feudal Age |
| 11:15 | Construir | Mining Camp |
| 11:19 | Crear | Villager (Male) |
| 11:40 | Construir | Palisade Wall |
| 11:53 | Construir | House |
| 11:54 | Construir | Palisade Wall |
| 12:08 | Crear | Villager (Male) |
| 12:49 | Edad | Edad Feudal |
| 12:58 | Construir | Market |
| 13:09 | Construir | Blacksmith |
| 13:50 | Investigar | Castle Age |
| 13:50 | Investigar | Castle Age |
| 14:19 | Construir | Lumber Camp |
| 14:30 | Investigar | Loom |
| 14:30 | Investigar | Loom |
| 14:37 | Crear | Villager (Male) |
| 15:04 | Investigar | Double-Bit Axe |
| 15:04 | Investigar | Double-Bit Axe |
| 16:30 | Edad | Edad de los Castillos |
| 16:33 | Investigar | Bow Saw |
| 16:33 | Investigar | Bow Saw |
| 16:43 | Investigar | Gold Mining |
| 17:02 | Construir | Castle |
| 17:07 | Construir | Castle |
| 17:13 | Investigar | Loom |
| 17:13 | Investigar | Loom |
| 17:13 | Crear | Villager (Male) |
| 17:14 | Crear | Villager (Male) |
| 17:24 | Crear | Villager (Male) |
| 17:31 | Construir | Palisade Wall |
| 18:01 | Investigar | Horse Collar |
| 18:02 | Crear | Villager (Male) |
| 18:04 | Construir | Farm |
| 18:06 | Construir | Farm |
| 18:07 | Crear | Villager (Male) |
| 18:17 | Construir | Lumber Camp |
| 18:18 | Crear | Janissary |
| 18:18 | Crear | Janissary |
| 18:19 | Crear | Janissary |
| 18:19 | Crear | Janissary |
| 18:21 | Crear | Janissary |
| 18:24 | Investigar | Padded Archer Armor |
| 18:24 | Investigar | Padded Archer Armor |
| 18:24 | Investigar | Padded Archer Armor |
| 18:37 | Construir | Outpost |
| 18:44 | Construir | Outpost |
| 18:54 | Crear | Janissary |
| 18:54 | Crear | Janissary |
| 19:06 | Construir | Siege Workshop |
| 19:14 | Construir | Monastery |
| 19:17 | Crear | Janissary |
| 19:18 | Crear | Villager (Male) |
| 19:18 | Crear | Villager (Male) |
| 19:39 | Crear | Villager (Male) |
| 19:59 | Crear | Monk |
| 20:00 | Construir | House |
| 20:06 | Crear | Villager (Male) |
| 20:09 | Crear | Villager (Male) |
| 20:17 | Construir | Dock |
| 20:37 | Crear | Janissary |
| 20:37 | Crear | Janissary |
| 20:43 | Construir | House |
| 20:56 | Crear | Villager (Male) |
| 21:03 | Crear | Villager (Male) |
| 21:04 | Crear | Villager (Male) |
| 21:12 | Crear | Villager (Male) |
| 21:17 | Construir | Town Center |
| 21:32 | Construir | House |
| 21:40 | Crear | Janissary |
| 21:41 | Crear | Janissary |
| 21:41 | Crear | Janissary |
| 22:23 | Investigar | Leather Archer Armor |
| 22:23 | Investigar | Leather Archer Armor |
| 22:31 | Crear | Janissary |
| 22:31 | Crear | Janissary |
| 22:33 | Construir | House |
| 22:34 | Crear | Villager (Male) |
| 22:34 | Crear | Villager (Male) |
| 22:46 | Crear | Villager (Male) |
| 22:48 | Construir | House |
| 22:57 | Crear | Janissary |
| 22:57 | Crear | Janissary |
| 23:00 | Construir | Farm |
| 23:01 | Construir | Farm |
| 23:03 | Construir | Farm |
| 23:04 | Construir | Farm |
| 23:08 | Construir | House |
| 23:35 | Crear | Monk |
| 23:43 | Crear | Villager (Male) |
| 23:43 | Crear | Villager (Male) |
| 23:44 | Crear | Villager (Male) |
| 23:44 | Crear | Villager (Male) |
| 24:17 | Construir | House |
| 24:21 | Crear | Villager (Male) |
Build order — bipeng2008
Primeras 150 de 417 acciones detectadas
| 0:11 | Construir | Town Center |
| 0:24 | Construir | Town Center |
| 0:52 | Construir | Dock |
| 1:00 | Construir | House |
| 2:30 | Crear | Villager (Male) |
| 2:30 | Crear | Villager (Male) |
| 2:31 | Crear | Villager (Male) |
| 2:31 | Crear | Villager (Male) |
| 4:05 | Investigar | Loom |
| 4:06 | Crear | Villager (Male) |
| 4:16 | Crear | Fishing Ship |
| 4:38 | Construir | House |
| 4:57 | Crear | Fishing Ship |
| 5:11 | Crear | Villager (Male) |
| 5:38 | Crear | Villager (Male) |
| 5:56 | Crear | Villager (Male) |
| 6:12 | Crear | Fishing Ship |
| 6:25 | Crear | Villager (Male) |
| 6:39 | Crear | Villager (Male) |
| 6:51 | Construir | House |
| 7:12 | Crear | Fishing Ship |
| 7:33 | Crear | Villager (Male) |
| 7:50 | Crear | Villager (Male) |
| 7:55 | Crear | Fishing Ship |
| 8:17 | Construir | House |
| 8:21 | Crear | Villager (Male) |
| 8:31 | Construir | House |
| 8:36 | Crear | Villager (Male) |
| 8:58 | Crear | Fishing Ship |
| 9:08 | Crear | Villager (Male) |
| 9:27 | Crear | Villager (Male) |
| 9:42 | Construir | House |
| 9:43 | Crear | Fishing Ship |
| 9:44 | Crear | Villager (Male) |
| 9:49 | Construir | House |
| 10:09 | Crear | Villager (Male) |
| 10:26 | Crear | Fishing Ship |
| 10:28 | Crear | Villager (Male) |
| 10:52 | Crear | Villager (Male) |
| 10:57 | Crear | Fishing Ship |
| 11:21 | Construir | Mining Camp |
| 11:27 | Construir | House |
| 11:56 | Construir | Dock |
| 12:00 | Investigar | Feudal Age |
| 13:24 | Construir | Mill |
| 13:55 | Crear | Villager (Male) |
| 14:14 | Edad | Edad Feudal |
| 14:15 | Crear | Villager (Male) |
| 14:17 | Construir | Market |
| 14:21 | Construir | Blacksmith |
| 14:46 | Construir | Lumber Camp |
| 15:05 | Investigar | Castle Age |
| 15:28 | Construir | Barracks |
| 15:44 | Crear | Fire Galley |
| 15:50 | Investigar | Double-Bit Axe |
| 16:28 | Construir | Stable |
| 16:44 | Crear | Fire Galley |
| 17:25 | Crear | Fire Galley |
| 17:45 | Edad | Edad de los Castillos |
| 17:47 | Investigar | War Galley (upgrade) |
| 17:49 | Crear | Villager (Male) |
| 17:50 | Crear | Knight |
| 17:51 | Crear | Knight |
| 17:54 | Construir | House |
| 18:11 | Crear | Villager (Male) |
| 18:16 | Investigar | Town Watch |
| 18:36 | Crear | Knight |
| 18:39 | Crear | Villager (Male) |
| 18:52 | Construir | Town Center |
| 19:04 | Crear | Villager (Male) |
| 19:22 | Crear | Knight |
| 19:36 | Crear | Villager (Male) |
| 19:39 | Investigar | Scale Barding Armor |
| 19:43 | Investigar | Forging |
| 19:51 | Construir | House |
| 19:59 | Crear | Villager (Male) |
| 20:11 | Crear | Villager (Male) |
| 20:40 | Crear | Villager (Male) |
| 20:51 | Construir | Siege Workshop |
| 21:12 | Crear | Villager (Male) |
| 21:13 | Crear | Villager (Male) |
| 21:14 | Crear | Villager (Male) |
| 21:21 | Crear | Fire Galley |
| 21:27 | Crear | Villager (Male) |
| 21:36 | Crear | Fire Galley |
| 21:41 | Crear | Villager (Male) |
| 21:57 | Crear | Fire Galley |
| 22:20 | Crear | Villager (Male) |
| 22:21 | Crear | Villager (Male) |
| 22:31 | Investigar | Tech 905 |
| 22:34 | Construir | Dock |
| 22:36 | Construir | House |
| 22:46 | Construir | House |
| 22:46 | Construir | House |
| 22:51 | Crear | Knight |
| 22:59 | Crear | Villager (Male) |
| 23:05 | Crear | Fire Galley |
| 23:10 | Crear | Fire Galley |
| 23:19 | Crear | Villager (Male) |
| 23:20 | Construir | Farm |
| 23:21 | Construir | Farm |
| 23:22 | Construir | Farm |
| 23:23 | Construir | Farm |
| 23:23 | Construir | Farm |
| 23:24 | Construir | Farm |
| 23:24 | Crear | Villager (Male) |
| 23:34 | Crear | Villager (Male) |
| 23:50 | Crear | Fire Galley |
| 23:50 | Crear | Fire Galley |
| 24:01 | Construir | Farm |
| 24:02 | Construir | Farm |
| 24:12 | Crear | Villager (Male) |
| 24:14 | Crear | Knight |
| 24:20 | Crear | Villager (Male) |
| 24:32 | Construir | Town Center |
| 24:49 | Crear | Knight |
| 24:51 | Crear | Villager (Male) |
| 24:52 | Crear | Villager (Male) |
| 24:53 | Crear | Knight |
| 24:54 | Investigar | Bloodlines |
| 24:56 | Crear | Villager (Male) |
| 24:57 | Crear | Villager (Male) |
| 24:57 | Crear | Villager (Male) |
| 25:02 | Crear | Fire Galley |
| 25:23 | Construir | Mill |
| 25:24 | Crear | Villager (Male) |
| 25:41 | Crear | Villager (Male) |
| 25:46 | Construir | Farm |
| 25:49 | Construir | Farm |
| 26:01 | Crear | Fire Galley |
| 26:11 | Crear | Villager (Male) |
| 26:21 | Crear | Knight |
| 26:42 | Crear | Villager (Male) |
| 26:45 | Crear | Villager (Male) |
| 26:50 | Crear | Villager (Male) |
| 26:54 | Construir | Lumber Camp |
| 27:08 | Crear | Mangonel |
| 27:09 | Crear | Villager (Male) |
| 27:15 | Crear | Fire Galley |
| 27:19 | Crear | Villager (Male) |
| 27:32 | Crear | Villager (Male) |
| 27:37 | Construir | Monastery |
| 27:56 | Crear | Fire Galley |
| 28:00 | Crear | Villager (Male) |
| 28:01 | Crear | Villager (Male) |
| 28:05 | Construir | House |
| 28:13 | Construir | Farm |
| 28:14 | Construir | Farm |
| 28:21 | Crear | Villager (Male) |
| 28:23 | Construir | Farm |
Build order — ^_^
Primeras 150 de 416 acciones detectadas
| 0:04 | Construir | Town Center |
| 0:30 | Construir | Dock |
| 0:35 | Construir | House |
| 0:37 | Construir | Palisade Wall |
| 0:39 | Construir | Palisade Wall |
| 2:32 | Crear | Villager (Male) |
| 2:32 | Crear | Villager (Male) |
| 2:32 | Crear | Villager (Male) |
| 2:33 | Crear | Villager (Male) |
| 3:39 | Crear | Villager (Male) |
| 3:39 | Crear | Villager (Male) |
| 3:55 | Crear | Fishing Ship |
| 3:55 | Crear | Fishing Ship |
| 4:36 | Crear | Villager (Male) |
| 4:55 | Construir | House |
| 5:03 | Crear | Villager (Male) |
| 5:37 | Crear | Villager (Male) |
| 5:37 | Crear | Villager (Male) |
| 5:55 | Crear | Villager (Male) |
| 6:22 | Crear | Villager (Male) |
| 6:23 | Crear | Fishing Ship |
| 6:27 | Crear | Villager (Male) |
| 6:32 | Construir | House |
| 6:37 | Construir | House |
| 6:42 | Construir | House |
| 7:13 | Crear | Villager (Male) |
| 7:20 | Crear | Fishing Ship |
| 7:51 | Crear | Villager (Male) |
| 7:51 | Crear | Villager (Male) |
| 7:51 | Crear | Villager (Male) |
| 7:52 | Crear | Villager (Male) |
| 7:59 | Construir | House |
| 8:27 | Crear | Villager (Male) |
| 8:29 | Crear | Fishing Ship |
| 8:32 | Construir | Mill |
| 8:39 | Crear | Villager (Male) |
| 8:39 | Crear | Villager (Male) |
| 9:07 | Construir | House |
| 9:14 | Crear | Villager (Male) |
| 9:36 | Crear | Villager (Male) |
| 9:52 | Construir | House |
| 9:55 | Crear | Villager (Male) |
| 9:56 | Investigar | Loom |
| 10:07 | Crear | Fishing Ship |
| 10:17 | Construir | Dock |
| 10:29 | Construir | Mining Camp |
| 11:12 | Construir | Barracks |
| 11:15 | Investigar | Feudal Age |
| 11:15 | Investigar | Feudal Age |
| 12:40 | Crear | Villager (Male) |
| 12:41 | Crear | Villager (Male) |
| 13:25 | Edad | Edad Feudal |
| 13:34 | Construir | Archery Range |
| 13:40 | Construir | Blacksmith |
| 14:06 | Construir | Lumber Camp |
| 14:26 | Investigar | Castle Age |
| 14:41 | Investigar | Double-Bit Axe |
| 15:05 | Crear | Fire Galley |
| 16:14 | Investigar | Horse Collar |
| 16:44 | Crear | Villager (Male) |
| 16:46 | Construir | Farm |
| 16:47 | Construir | Farm |
| 16:47 | Construir | Farm |
| 17:06 | Edad | Edad de los Castillos |
| 17:14 | Construir | Outpost |
| 17:15 | Investigar | Town Watch |
| 17:18 | Construir | Farm |
| 17:18 | Construir | Farm |
| 17:25 | Crear | Cavalry Archer |
| 17:40 | Construir | Outpost |
| 17:45 | Crear | Villager (Male) |
| 17:45 | Crear | Villager (Male) |
| 18:14 | Construir | Siege Workshop |
| 18:17 | Construir | Siege Workshop |
| 18:22 | Crear | Cavalry Archer |
| 18:34 | Construir | Siege Workshop |
| 18:37 | Crear | Villager (Male) |
| 18:41 | Investigar | Fletching |
| 18:42 | Investigar | Fletching |
| 18:56 | Crear | Villager (Male) |
| 19:01 | Construir | House |
| 19:12 | Crear | Battering Ram |
| 19:15 | Construir | House |
| 19:18 | Crear | Battering Ram |
| 19:20 | Crear | Scorpion |
| 19:20 | Crear | Scorpion |
| 19:23 | Construir | House |
| 19:32 | Crear | Villager (Male) |
| 19:32 | Crear | Villager (Male) |
| 19:44 | Crear | Scorpion |
| 19:54 | Construir | House |
| 20:16 | Crear | Scorpion |
| 20:28 | Construir | Outpost |
| 20:30 | Crear | Villager (Male) |
| 20:34 | Crear | Scorpion |
| 20:44 | Crear | Villager (Male) |
| 20:45 | Crear | Villager (Male) |
| 20:50 | Crear | Scorpion |
| 20:52 | Crear | Villager (Male) |
| 21:02 | Construir | Farm |
| 21:17 | Crear | Villager (Male) |
| 21:34 | Crear | Scorpion |
| 21:34 | Crear | Scorpion |
| 21:36 | Crear | Villager (Male) |
| 21:54 | Crear | Battering Ram |
| 22:07 | Crear | Villager (Male) |
| 22:15 | Crear | Villager (Male) |
| 22:36 | Construir | Town Center |
| 22:41 | Crear | Scorpion |
| 22:41 | Crear | Scorpion |
| 22:55 | Investigar | Bodkin Arrow |
| 22:55 | Investigar | Bodkin Arrow |
| 23:06 | Crear | Villager (Male) |
| 23:11 | Crear | Battering Ram |
| 23:13 | Crear | Cavalry Archer |
| 23:14 | Crear | Cavalry Archer |
| 23:19 | Crear | Villager (Male) |
| 24:09 | Crear | Cavalry Archer |
| 24:09 | Crear | Cavalry Archer |
| 24:10 | Crear | Villager (Male) |
| 24:10 | Crear | Villager (Male) |
| 24:22 | Construir | Mill |
| 24:24 | Crear | Villager (Male) |
| 24:25 | Construir | Farm |
| 24:26 | Construir | Farm |
| 24:28 | Construir | Archery Range |
| 24:38 | Crear | Cavalry Archer |
| 24:46 | Construir | Farm |
| 24:46 | Construir | Farm |
| 24:50 | Construir | Farm |
| 24:52 | Crear | Villager (Male) |
| 25:16 | Crear | Villager (Male) |
| 25:23 | Construir | House |
| 25:24 | Construir | House |
| 25:25 | Crear | Villager (Male) |
| 25:30 | Crear | Cavalry Archer |
| 25:30 | Crear | Cavalry Archer |
| 25:32 | Crear | Cavalry Archer |
| 25:41 | Crear | Villager (Male) |
| 25:41 | Crear | Villager (Male) |
| 25:44 | Crear | Villager (Male) |
| 25:44 | Crear | Villager (Male) |
| 25:49 | Crear | Villager (Male) |
| 25:50 | Crear | Villager (Male) |
| 25:59 | Crear | Cavalry Archer |
| 26:15 | Construir | Town Center |
| 26:15 | Crear | Villager (Male) |
| 26:16 | Crear | Villager (Male) |
| 26:30 | Construir | House |
| 26:31 | Construir | House |
Cronología de la partida
| 0:30 | ^_^ · first_building Dock |
| 0:37 | ^_^ · wall_segment Palisade Wall x1 |
| 0:39 | ^_^ · wall_segment Palisade Wall x1 |
| 0:50 | [SiG] Eagle · first_building Dock |
| 0:52 | bipeng2008 · first_building Dock |
| 1:06 | [SiG] Mufasa · first_building Dock |
| 3:52 | [SiG] Eagle · wall_segment Palisade Wall x1 |
| 11:12 | ^_^ · first_building Barracks |
| 11:40 | [SiG] Eagle · wall_segment Palisade Wall x6 |
| 11:54 | [SiG] Eagle · wall_segment Palisade Wall x2 |
| 12:47 | [SiG] Mufasa · age_up feudal |
| 12:49 | [SiG] Eagle · age_up feudal |
| 13:25 | ^_^ · age_up feudal |
| 13:32 | [SiG] Mufasa · wall_segment Palisade Wall x12 |
| 13:34 | ^_^ · first_building Archery Range |
| 14:14 | bipeng2008 · age_up feudal |
| 15:28 | bipeng2008 · first_building Barracks |
| 16:00 | [SiG] Mufasa · wall_segment Palisade Wall x18 |
| 16:28 | bipeng2008 · first_building Stable |
| 16:30 | [SiG] Eagle · age_up castle |
| 17:02 | [SiG] Eagle · first_building Castle |
| 17:06 | ^_^ · age_up castle |
| 17:31 | [SiG] Eagle · wall_segment Palisade Wall x1 |
| 17:45 | bipeng2008 · age_up castle |
| 18:10 | [SiG] Eagle · first_market_buy 100 wood |
| 18:14 | ^_^ · first_building Siege Workshop |
| 18:16 | [SiG] Mufasa · wall_segment Palisade Wall x9 |
| 18:21 | [SiG] Mufasa · wall_segment Palisade Wall x7 |
| 19:06 | [SiG] Eagle · first_building Siege Workshop |
| 19:14 | [SiG] Eagle · first_building Monastery |
| 20:38 | [SiG] Mufasa · wall_segment Stone Wall x4 |
| 20:51 | bipeng2008 · first_building Siege Workshop |
| 24:49 | [SiG] Eagle · wall_segment Stone Wall x9 |
| 25:50 | [SiG] Eagle · wall_segment Stone Wall x3 |
| 25:52 | [SiG] Eagle · wall_segment Stone Wall x3 |
| 26:33 | [SiG] Eagle · wall_segment Stone Wall x7 |
| 27:37 | bipeng2008 · first_building Monastery |
| 29:18 | [SiG] Mufasa · first_market_buy 100 food |
| 29:32 | [SiG] Eagle · wall_segment Stone Wall x1 |
| 29:33 | [SiG] Eagle · wall_segment Stone Wall x1 |
| 29:38 | [SiG] Eagle · wall_segment Stone Wall x1 |
| 29:44 | [SiG] Eagle · wall_segment Stone Wall x6 |
| 31:06 | [SiG] Eagle · first_building Barracks |
| 32:08 | [SiG] Mufasa · age_up castle |
| 32:41 | [SiG] Eagle · first_building Stable |
| 35:14 | [SiG] Eagle · age_up imperial |
| 36:13 | ^_^ · first_building Castle |
| 36:34 | ^_^ · first_building Stable |
| 38:25 | ^_^ · age_up imperial |
| 39:39 | bipeng2008 · first_building Castle |
| 40:13 | [SiG] Eagle · wall_segment Stone Wall x9 |
| 40:17 | [SiG] Mufasa · first_building Barracks |
| 40:36 | [SiG] Mufasa · first_building Monastery |
| 41:13 | [SiG] Eagle · wall_segment Stone Wall x1 |
| 41:15 | [SiG] Eagle · wall_segment Stone Wall x1 |
| 41:21 | [SiG] Eagle · first_market_sell 100 food |
| 41:22 | [SiG] Mufasa · first_building Archery Range |
| 43:03 | [SiG] Eagle · resign |
[ ANÁLISIS IA · 1 CRÉDITO ]
¿Qué pasó realmente en esta partida?
Wolo.gg analiza cada decisión: build order, eco, micro, errores típicos por bracket. Análisis personalizado por WhatsApp o Discord en 30 segundos.
Guía civ
Sarracenos
Guía mapa
Nomad
Perfil
OnLeKe ([SiG] Mufasa)